 Dungeon Crawl Stone Soup version 0.24.0-125-gc4c63601f3 (webtiles) character file.

Game seed: 8060455257189946516, levelgen mode: deterministic

6503 Johnny the Spear-Bearer (level 10, -12/118 HPs)
             Began as a Demigod Gladiator on Feb 29, 2020.
             Mangled by Harold
             ... wielding a +0 battleaxe of holy wrath
              (20 damage)
             ... on level 8 of the Dungeon.
             The game lasted 00:09:02 (8277 turns).

Johnny the Spear-Bearer (Demigod Gladiator)         Turns: 8277, Time: 00:09:02

Health: -12/118    AC: 12    Str: 32    XL:     10   Next: 41%
Magic:  13/13      EV: 10    Int: 12    God:
Gold:   886        SH:  0    Dex: 17    Spells: 9/9 levels left

rFire    . . .     SeeInvis .   u - +1 spear (freeze)
rCold    . . .     Gourm    .   (no shield)
rNeg     . . .     Faith    .   m - +0 chain mail
rPois    .         Spirit   .   B - +2 helmet
rElec    .         Reflect  .   a - scarf {cloud immunity}
rCorr    .         Harm     .   z - +0 pair of gloves
MR       +....                  (no boots)
Stlth    ..........             c - amulet of magic regeneration
HPRegen  0.29/turn              (no ring)
MPRegen  0.38/turn              A - +4 ring of strength

@: berserking, marked, very quick
A: high mp 1
a: no special abilities


You were on level 8 of the Dungeon.
You were not hungry.

You visited 1 branch of the dungeon, and saw 8 of its levels.
You also visited: Bailey.

You collected 886 gold pieces.

Inventory:

Hand Weapons
 u - a +1 spear of freezing (weapon)
Missiles
 d - 3 throwing nets (quivered)
Armour
 a - a scarf of cloud immunity (worn)
 m - a +0 chain mail (worn)
 z - a +0 pair of gloves (worn)
 B - a +2 helmet (worn)
Jewellery
 c - an amulet of magic regeneration (around neck)
 k - an uncursed ring of fire
 A - a +4 ring of strength (right hand)
 F - an uncursed ring of ice
Wands
 l - a wand of flame (17)
 D - a wand of iceblast (1)
Scrolls
 e - 2 scrolls of teleportation
 h - 2 scrolls of immolation
 i - a scroll of fog {unknown}
 p - 4 scrolls of amnesia
 s - 2 scrolls of enchant armour {unknown}
 t - a scroll of fear
 v - 6 scrolls of remove curse
 y - 2 scrolls of enchant weapon
 C - a scroll of identify
 H - a scroll of random uselessness {unknown}
Potions
 b - a potion of brilliance
 j - a potion of berserk rage
 n - 2 potions of mutation
 o - 2 potions of flight
 q - a potion of ambrosia
 w - a potion of might
 x - a potion of degeneration {unknown}
Comestibles
 f - 14 rations
 G - 4 chunks of flesh


   Skills:
 - Level 4.2 Fighting
 + Level 14.1 Polearms
 - Level 1.7 Throwing
 - Level 2.6 Dodging


You had 9 spell levels left.
You didn't know any spells.
Your spell library contained the following spells:

 Spells                   Type           Power        Failure   Level  Hunger
 Magic Dart               Conj           #...         86%         1    ##.....
 Summon Small Mammal      Summ           #...         86%         1    ##.....
 Blink                    Tloc           N/A          95%         2    ###....
 Call Imp                 Summ           #.......     95%         2    ###....
 Slow                     Hex            #.......     95%         2    ###....
 Call Canine Familiar     Summ           #.......     99%         3    ####...
 Conjure Flame            Conj/Fire      #.......     99%         3    ####...
 Mephitic Cloud           Conj/Pois/Air  #.......     99%         3    ####...
 Summon Guardian Golem    Hex/Summ       #.......     99%         3    ####...
 Summon Ice Beast         Ice/Summ       #.......     100%        4    #####..
 Summon Lightning Spire   Summ/Air       #.......     100%        4    #####..


Dungeon Overview and Level Annotations

Branches:
Dungeon (8/15)             Temple (0/1) D:6            Lair (0/6) D:8
 Bailey (visited)

Shops:
D:6 %

Annotations:
D:8 Harold


Innate Abilities, Weirdness & Mutations

You have an increased reservoir of magic. (+10% MP)


Message History

The iceblast engulfs the bullfrog!
You kill the bullfrog!
The iceblast engulfs you.
* * * LOW HITPOINT WARNING * * *
Harold hits you with a +0 battleaxe of holy wrath!
* * * LOW HITPOINT WARNING * * *
Unknown command.
Unknown command.
You feel better.
Harold hits you with a +0 battleaxe of holy wrath!
* * * LOW HITPOINT WARNING * * *
Unknown command.
Unknown command.
Unknown command.
A red film seems to cover your vision as you go berserk!
You feel yourself moving faster!
You feel mighty! Harold gestures at you while chanting.
The mark upon you grows brighter.
Harold hits you with a +0 battleaxe of holy wrath!!
You die...

.#
############'############.
.# .......†÷........ .#
................. +#
................. .#
................. .###
................. ....
#########......#### ...
........'......# .#
.......@#......# .#
.......@#......'. .##
..####'##......## ..# ..
........# ..# ...
........# ..# ....
........# ..# ..... .##
..# .####. ## ...#


You could see Harold.

Vanquished Creatures
  2 two-headed ogres (D:8)
  Maurice (D:8)
  Psyche (D:7)
  A komodo dragon (D:8)
  A hippogriff (D:7)
  A spriggan (D:7)
  A wyvern (D:8)
  Eustachio (D:6)
  4 orc warriors
  2 ice beasts
  A black bear (D:8)
  3 sky beasts
  2 phantoms
  2 centaurs
  2 ogres
  A big kobold (D:8)
  7 bullfrogs
  Blork the orc (D:6)
  3 scorpions
  5 killer bees (D:8)
  7 wights
  4 howler monkeys
  6 crimson imps
  A bullfrog zombie (D:5)
  2 bullfrog skeletons
  2 orc priests
  A gnoll shaman (D:7)
  A jelly (D:5)
  5 orc wizards
  Terence (D:3)
  3 iguanas
  2 worker ants (D:4)
  2 hound skeletons
  11 gnolls
  A howler monkey skeleton (D:5)
  5 adders
  An adder zombie (D:7)
  6 worms
  2 dart slugs
  A leopard gecko (D:5)
  18 orcs
  10 bats
  5 giant cockroaches
  10 goblins
  5 hobgoblins
  22 kobolds
  3 quokkas
  3 ball pythons
  9 frilled lizards
  A jackal zombie (D:7)
  A leopard gecko skeleton (D:6)
  A quokka skeleton (D:6)
  8 rats
  A rat zombie (D:8)
203 creatures vanquished.

Vanquished Creatures (others)
  A plant (D:8)
1 creature vanquished.

Grand Total: 204 creatures vanquished

Notes
Turn   | Place    | Note
-------+----------+-------------------------------------------
     0 | D:1      | Johnny the Demigod Gladiator began the quest for the Orb.
     0 | D:1      | Reached XP level 1. HP: 17/17 MP: 3/3
   111 | D:1      | Reached skill level 3 in Polearms
   140 | D:1      | Reached XP level 2. HP: 15/24 MP: 4/4
   648 | D:1      | Reached XP level 3. HP: 30/30 MP: 5/5
  1361 | D:2      | Found an iron altar of Okawaru.
  1391 | D:2      | Found a burning altar of Makhleb.
  1405 | D:2      | Found a snail-covered altar of Cheibriados.
  1412 | D:2      | Reached XP level 4. HP: 27/38 MP: 6/6
  1417 | D:2      | Found a glowing golden altar of the Shining One.
  1682 | D:3      | Noticed Terence
  1694 | D:3      | Killed Terence
  1694 | D:3      | Reached skill level 4 in Polearms
  2217 | D:4      | Noticed a phantom
  2242 | D:4      | Killed a phantom
  2242 | D:4      | Reached XP level 5. HP: 32/46 MP: 7/7
  2464 | D:4      | Reached skill level 5 in Polearms
  2464 | D:4      | Reached XP level 6. HP: 49/52 MP: 8/8
  2691 | D:4      | Reached skill level 6 in Polearms
  3142 | D:5      | Entered Level 5 of the Dungeon
  3203 | D:5      | Reached XP level 7. HP: 56/59 MP: 9/9
  3248 | D:5      | Reached skill level 7 in Polearms
  3304 | D:5      | You fall into a shaft and drop 2 floors!
  3304 | D:7      | Found a flagged portal.
  3310 | Bailey   | Entered a bailey
  3523 | Bailey   | Found a burning altar of Makhleb.
  3564 | Bailey   | Reached skill level 8 in Polearms
  3832 | D:7      | Reached XP level 8. HP: 29/66 MP: 10/10
  4050 | D:7      | Reached skill level 9 in Polearms
  4361 | D:6      | Noticed Blork the orc
  4436 | D:6      | Noticed Eustachio
  4451 | D:6      | Killed Eustachio
  4451 | D:6      | Reached skill level 10 in Polearms
  4655 | D:6      | Found a staircase to the Ecumenical Temple.
  4661 | D:6      | Found Ceilocia's Food Shop.
  5000 | D:5      | Identified the cursed +3 hand crossbow "Guuq" {flame, rElec
                  | rF+ rN+ Int-2}
  5437 | D:6      | Killed Blork the orc
  5615 | D:6      | Reached XP level 9. HP: 71/71 MP: 11/11
  5634 | D:6      | Reached skill level 11 in Polearms
  5968 | D:6      | Found a shimmering altar of Xom.
  5969 | D:6      | Found a hazy altar of Hepliaklqana.
  5970 | D:6      | Noticed a spectral ugly thing
  6827 | D:8      | Noticed Psyche
  6849 | D:7      | Killed Psyche
  6849 | D:7      | Reached skill level 12 in Polearms
  7084 | D:8      | Noticed a two-headed ogre
  7095 | D:8      | Killed a two-headed ogre
  7362 | D:8      | Noticed a two-headed ogre
  7390 | D:8      | Killed a two-headed ogre
  7390 | D:8      | Reached skill level 13 in Polearms
  7390 | D:8      | Reached XP level 10. HP: 74/79 MP: 13/13
  7578 | D:8      | Noticed Maurice
  7602 | D:8      | Killed Maurice
  7819 | D:8      | Found a staircase to the Lair.
  7990 | D:8      | Found an ancient bone altar of Kikubaaqudgha.
  8234 | D:8      | Reached skill level 14 in Polearms
  8255 | D:8      | Noticed Harold
  8277 | D:8      | Mangled by Harold

Levels and vault maps discovered:
D:1:      wander_arrival_fairy_ring, layout_basic
D:2:      layout_rooms, grunt_temple_overflow_cloverleaf, first_ration
D:3:      layout_basic, uniq_terence
D:4:      layout_cave_pools
D:5:      layout_loops_ring, st_stairs_13
D:6:      layout_loops_corners, regret_index_temple_of_mockery, temple_green,
          serial_shops, shop, uniq_blork_the_orc, uniq_eustachio
D:7:      layout_gridville, enter_bailey_2, the_bakery
D:8:      layout_gridville, lemuel_zombie_altar_kikubaaqudgha,
          david_lair_shrubbed, uniq_psyche, uniq_harold, uniq_pikel,
          uniq_maurice

Skill      XL: |  1  2  3  4  5  6  7  8  9 10 |
---------------+-------------------------------+-----
Fighting       | 2 3 4 |  4.2
Polearms       | 3 4 5 6 8 10 13 14 | 14.1
Throwing       | |  1.7
Dodging        | |  2.6

Action                   |  1- 3 |  4- 6 |  7- 9 | 10-12 || total
-------------------------+-------+-------+-------+-------++-------
Melee: Trident           |   179 |   114 |       |       ||   293
       Spear             |       |    67 |   545 |   168 ||   780
Evoke: Wand              |       |     1 |    23 |    11 ||    35
  Use: Scroll            |     5 |       |     9 |       ||    14
       Potion            |       |       |     2 |     3 ||     5
 Stab: Sleeping          |     4 |       |       |       ||     4
       Confused          |       |     4 |     6 |       ||    10
       Paralysed         |       |       |     9 |       ||     9
  Eat: Chunk             |     1 |     6 |    14 |     3 ||    24
Armor: Leather armour    |    18 |       |       |       ||    18
       Chain mail        |    33 |    74 |   145 |    40 ||   292
       Ring mail         |     3 |       |       |       ||     3
Dodge: Dodged            |    90 |    65 |   142 |    25 ||   322
